Map: [ESL] Dragon Scales

Players

Maru - Winner!

  • Race: Terran Terran
  • Spawn Location: 5:00

Cure

  • Race: Terran Terran
  • Spawn Location: 11:00

VOD

Have the link to the VOD?

Description

Time

  • Played on: May 18, 2023, 7:59 a.m.
  • Length: 10:30
Show
View Real Time Build Order
Export as new Build Order

Maru Terran - Winner!

Build Orders:  

Get SALT Encoding   

  12  0:00  SCV  
  13  0:12  SCV  
  14  0:17  Supply Depot  
  14  0:24  SCV  
  15  0:39  Barracks  
  15  0:43  Refinery  
  15  0:52  Barracks  
  15  0:56  SCV  
  16  1:03  Refinery  
  16  1:08  SCV  
  17  1:20  SCV  
  18  1:28  Reaper  
  18  1:32  Orbital Command  
  19  1:39  Reaper  
  20  1:47  Supply Depot  
  20  1:57  SCV  
  20  2:00  Reaper  
  22  2:10  Factory  
  22  2:13  SCV  
  23  2:16  Reaper  
  24  2:25  SCV  
  25  2:34  Reaper  
  26  2:37  SCV  
  27  2:48  Reaper  
  27  2:49  Supply Depot, SCV  
  29  2:53  Hellion, Starport  
  31  3:11  SCV  
  32  3:14  Factory Tech Lab  
  32  3:20  Supply Depot  
  32  3:23  SCV  
  33  3:33  Siege Tank  
  36  3:34  Viking  
  36  3:36  SCV  
  36  3:50  Marine  
  36  3:59  Command Center  
  36  4:04  Viking  
  36  4:08  Siege Tank  
  41  4:14  SCV  
  42  4:26  SCV  
  43  4:40  Viking  
  45  4:51  Supply Depot, Siege Tank  
  47  4:58  Engineering Bay  
  47  5:03  SCV  
  48  5:15  Orbital Command  
  48  5:25  Missile Turret  
  48  5:27  SCV  
  46  5:33  Raven  
  46  5:34  Hellion, Barracks  
  50  5:41  Orbital Command  
  47  5:43  Barracks  
  46  5:51  SCV  
  46  5:57  Factory Tech Lab  
  47  6:03  SCV  
  48  6:08  Raven  
  48  6:09  SCV  
  51  6:15  SCV  
  51  6:21  SCV  
  51  6:22  Cyclone  
  53  6:27  SCV  
  53  6:33  SCV  
  53  6:37  Barracks Reactor  
  53  6:39  SCV  
  55  6:45  SCV  
  56  6:50  Barracks Tech Lab, Bunker  
  56  6:51  SCV  
  56  6:58  SCV  
  54  7:03  SCV  
  54  7:10  SCV  
  54  7:11  Marine  
  54  7:12  Stimpack  
  57  7:15  SCV  
  57  7:17  Marine x2  
  57  7:21  Barracks  
  57  7:22  Terran Infantry Weapons Level 1, SCV  
  60  7:27  SCV  
  60  7:29  Marine  
  62  7:34  SCV  
  63  7:39  SCV  
  63  7:46  SCV  
  63  7:47  Marine  
  63  7:50  Refinery  
  65  7:51  Starport Reactor  
  63  8:00  SCV x2  
  63  8:01  Supply Depot  
  63  8:04  Barracks Reactor, Viking, Factory Tech Lab  
  63  8:05  Viking, Marine  
  70  8:16  Marine  
  71  8:22  Marine  
  71  8:24  Siege Tank  
  70  8:31  Missile Turret  
  70  8:32  Missile Turret  
  70  8:34  Marine  
  70  8:36  Viking x2  
  70  8:40  Marine  
  76  8:41  Marine  
  76  8:42  Marine  
  78  8:51  Combat Shield  
  78  8:52  Marine  
  78  8:53  Supply Depot  
  79  8:58  Marine  
  79  8:59  Marine x2  
  82  9:05  Missile Turret  
  82  9:07  Medivac  
  82  9:09  Marine  
  84  9:15  Medivac  
  84  9:16  Marine  
  88  9:17  Marine x2  
  89  9:26  Missile Turret  
  89  9:27  Marine  
  89  9:30  Missile Turret  
  90  9:31  Siege Tank  
  90  9:34  Marine  
  94  9:49  Marine x2  
  94  9:50  Marine  
  94  10:08  Supply Depot  
Show
View Real Time Build Order
Export as new Build Order

Cure Terran 

Build Orders: Banshee Rush 

Get SALT Encoding   

  12  0:00  SCV  
  13  0:12  SCV  
  14  0:17  Supply Depot  
  14  0:24  SCV  
  15  0:38  SCV  
  15  0:40  Barracks  
  15  0:42  Refinery  
  16  0:50  SCV  
  16  0:52  Refinery  
  17  1:02  SCV  
  18  1:15  SCV  
  19  1:27  Orbital Command, Reaper  
  19  1:30  Supply Depot  
  20  1:41  Factory  
  20  1:53  SCV  
  21  1:59  Marine  
  22  2:05  SCV  
  23  2:17  Marine  
  23  2:21  SCV  
  25  2:26  Hellion  
  27  2:34  Starport, SCV  
  27  2:35  Marine  
  29  2:42  Supply Depot  
  29  2:46  SCV  
  30  2:54  Barracks Reactor  
  30  3:04  Hellion, SCV  
  33  3:06  Marine  
  33  3:12  Supply Depot  
  36  3:13  Starport Tech Lab  
  36  3:16  SCV  
  35  3:25  Hellion  
  37  3:28  Barracks Reactor  
  37  3:32  Banshee  
  39  3:36  SCV  
  36  3:45  Cloaking Field  
  36  3:47  Hellion  
  34  3:49  SCV  
  35  4:01  SCV  
  36  4:05  Marine  
  36  4:06  Marine  
  38  4:13  Factory Tech Lab, SCV  
  39  4:20  Banshee  
  42  4:25  Marine, Supply Depot  
  41  4:47  Marine, Siege Tank  
  40  5:02  Banshee, Supply Depot  
  38  5:23  Marine  
  38  5:24  SCV  
  40  5:32  Factory Tech Lab  
  40  5:37  SCV  
  40  5:42  Marine  
  42  5:47  Banshee  
  42  5:50  SCV  
  42  5:53  Cyclone  
  46  5:58  Supply Depot  
  46  6:02  SCV  
  47  6:11  Barracks Reactor  
  47  6:14  SCV  
  48  6:25  Siege Tank  
  51  6:28  SCV  
  51  6:30  Viking  
  51  6:44  SCV  
  52  6:55  Command Center  
  52  6:56  SCV  
  52  6:57  Siege Tank  
  53  7:08  SCV  
  54  7:10  Viking x2  
  58  7:16  Supply Depot  
  58  7:19  Marine  
  59  7:23  Starport  
  59  7:32  SCV  
  56  7:43  Marine  
  50  7:45  Viking x2  
  50  7:46  SCV  
  55  7:58  SCV  
  55  8:02  Viking  
  58  8:10  SCV  
  58  8:12  Orbital Command  
  56  8:23  SCV  
  56  8:28  Liberator  
  59  8:35  SCV  
  59  8:38  Viking  
  59  8:41  SCV  
  63  8:50  Viking  
  65  8:58  Refinery  
  65  9:01  SCV x2  
  67  9:08  Viking  
  69  9:14  Viking  
  69  9:16  Marine  
  72  9:33  Marine  
  72  9:36  Viking  
  69  9:47  Viking  
  69  9:51  Marine  
  64  9:55  Viking  
Tags
 
Matchup
TvT
Race
Terran
Spawn Locations
Cross Positions
Strategy
Banshee Rush
Add a new tag
Caveats
  • Supply blocks, unpowered buildings, or Contaminate may cause inaccurate times.
  • Supply counts are checked every 10 seconds.